 Dungeon Crawl Stone Soup version 0.25-a0-875-geaba134f46 (webtiles) character file.

Game seed: 16892904923633662904, levelgen mode: deterministic

443 Flugkiller the Grasshopper (level 6, 0/47 HPs)
             Began as a Demonspawn Warper on May 1, 2020.
             Succumbed to an adder's poison
             ... on level 4 of the Dungeon.
             The game lasted 00:05:31 (3184 turns).

Flugkiller the Grasshopper (Demonspawn Warper)      Turns: 3184, Time: 00:05:31

Health: 0/47       AC:  4    Str: 11    XL:     6   Next: 71%
Magic:  11/11      EV: 12    Int: 15    God:
Gold:   126        SH:  4    Dex: 14    Spells: 4/11 levels left

rFire    . . .     SeeInvis .   j - +0 whip (distort)
rCold    . . .     Gourm    .   (no shield)
rNeg     . . .     Faith    .   b - +0 leather armour
rPois    .         Spirit   .   (no helmet)
rElec    .         Reflect  .   (no cloak)
rCorr    .         Harm     .   o - +0 pair of gloves
MR       .....                  (no boots)
Stlth    +.........             (no amulet)
HPRegen  0.15/turn              (no ring)
MPRegen  0.12/turn              (no ring)

@: lethally poisoned (0 -> -6)
A: large bone plates 1, powered by pain 1
a: no special abilities


You were on level 4 of the Dungeon.
You were hungry.

You visited 1 branch of the dungeon, and saw 4 of its levels.

You collected 126 gold pieces.

Inventory:

Hand Weapons
 a - a +0 hand axe
 c - a +2 whip of freezing
   (You took it off a kobold on level 2 of the Dungeon)
 j - a +0 whip of distortion (weapon)
   (You found it on level 1 of the Dungeon)
Missiles
 e - 5 boomerangs of dispersal (quivered)
 k - 12 poisoned darts
 m - 8 boomerangs
Armour
 b - a +0 leather armour (worn)
 o - a +0 pair of gloves (worn)
   (You found it on level 2 of the Dungeon)
Wands
 l - a wand of disintegration (12)
   (You found it on level 2 of the Dungeon)
Scrolls
 d - a scroll of blinking
 h - a scroll of remove curse
 i - 2 scrolls of identify
 n - a scroll of fog
 q - a scroll of enchant weapon
 r - a scroll of amnesia
Comestibles
 f - 6 rations


   Skills:
 - Level 3.1 Fighting
 - Level 1.7(2.0) Axes
 + Level 1.1(1.6) Maces & Flails
 - Level 0.8 Throwing
 - Level 0.8 Armour
 + Level 2.2 Dodging
 - Level 3.3 Spellcasting
 - Level 2.4 Charms
 - Level 4.8 Translocations


You had 4 spell levels left.
You knew the following spells:

 Your Spells              Type           Power        Failure   Level  Hunger
a - Blink                 Tloc           N/A          5%          2    ##.....
b - Shroud of Golubria    Chrm/Tloc      ##....       9%          2    ##.....
c - Lesser Beckoning      Tloc           ###.......   11%         3    ###....

Your spell library contained the following spells:

 Spells                   Type           Power        Failure   Level  Hunger
 Gell's Gravitas          Tloc           ###.......   11%         3    ###....
 Teleport Other           Tloc           ###.....     11%         3    ###....
 Passage of Golubria      Tloc           N/A          34%         4    ####...


Dungeon Overview and Level Annotations

Branches:
Dungeon (4/15)
 Temple: D:4-7

Altars:
Ru
Xom
The Shining One

Annotations:
Abyss:1 Natasha


Innate Abilities, Weirdness & Mutations

You are partially covered in large bone plates. (SH +4)
You sometimes gain a little power by taking damage.


Message History

You feel sick.
* * * LOW HITPOINT WARNING * * *
You feel sick. The adder completely misses you.
You aren't carrying any potions.
You hit the adder.
You kill the adder!
* * * LOW HITPOINT WARNING * * *
You feel sick.
You barely miss the scorpion.
* * * LOW HITPOINT WARNING * * *
You feel sick.
The scorpion stings you but does no damage.
You barely miss the scorpion.
* * * LOW HITPOINT WARNING * * *
You feel sick. You block the scorpion's attack.
You closely miss the scorpion.
* * * LOW HITPOINT WARNING * * *
You feel sick. The scorpion stings you.
* * * LOW HITPOINT WARNING * * *
You hit the scorpion but do no damage.
Space bends around the scorpion.
The scorpion is moderately wounded.
* * * LOW HITPOINT WARNING * * *
You feel sick. The scorpion completely misses you.
You hit the scorpion.
The scorpion is heavily wounded.
The scorpion blinks!
* * * LOW HITPOINT WARNING * * *
You feel sick.
You barely miss the scorpion.
The scorpion is heavily wounded.
* * * LOW HITPOINT WARNING * * *
You feel sick. You block the scorpion's attack.
You aren't carrying any potions.
As you read the scroll of fear, it crumbles to dust.
You assume a fearsome visage.
The scorpion looks frightened!
* * * LOW HITPOINT WARNING * * *
You feel sick.
As you read the scroll of teleportation, it crumbles to dust.
You feel strangely unstable.
* * * LOW HITPOINT WARNING * * *
You feel sick.
* * * LOW HITPOINT WARNING * * *
You feel sick.
Your surroundings suddenly seem different.
* * * LOW HITPOINT WARNING * * *
You feel sick.
There is an escape hatch in the floor here.
Unknown command.
You swing at nothing.
You die...

####### ##### ########## #.....#
##...#
#.....s..####.###.#####.###.
##.#####.................>.#.
#......#..#............#.#.#. .#
#.. #.......##.....###.##....
...##.. #..#..#.#####............
.≈.....##.......@......###>##.##.
≈.....†..#.#.....####..# #.##.##.
≈≈...#.[.......#.......# #.##.##.
≈P.....######....#####.###.##.##.
≈P≈P... #.#.## ##...##.....#.
≈≈≈≈.P. ..#.# #...........#.
≈≈≈≈≈≈. .....# #....#####....
≈≈≈≈≈s. ... ## #.............##
≈≈≈≈≈.. #...#######...#


You could see a scorpion (fleeing).

Vanquished Creatures
  An ogre (D:2)
  A crimson imp (D:4)
  An orc priest (D:2)
  Natasha (twice) (D:3)
  12 adders
  3 worms
  2 dart slugs
  3 leopard geckos
  5 orcs
  5 giant cockroaches
  9 goblins
  4 hobgoblins
  3 jackals (D:2)
  6 kobolds
  2 quokkas
  4 bats
  5 frilled lizards
  7 rats
75 creatures vanquished.

Vanquished Creatures (others)
  A bullfrog zombie (D:3)
  An adder (D:4)
  3 orcs
  A hobgoblin (D:1)
  A quokka (D:3)
7 creatures vanquished.

Grand Total: 82 creatures vanquished

Notes
Turn   | Place    | Note
-------+----------+-------------------------------------------
     0 | D:1      | Flugkiller the Demonspawn Warper began the quest for the
                  | Orb.
     0 | D:1      | Reached XP level 1. HP: 16/16 MP: 3/3
   315 | D:1      | Gained mutation: You are partially covered in large bone
                  | plates. (SH +4) [demonic ancestry]
   315 | D:1      | Reached XP level 2. HP: 11/23 MP: 5/5
   890 | D:1      | Learned a level 2 spell: Blink
   893 | D:1      | Learned a level 2 spell: Shroud of Golubria
   964 | D:2      | Reached XP level 3. HP: 3/29 MP: 6/6
   968 | D:2      | Reached skill level 3 in Translocations
  1021 | D:2      | Reached skill level 1 in Charms
  1313 | D:2      | Reached XP level 4. HP: 34/35 MP: 7/7
  1336 | D:2      | Noticed an ogre
  1350 | D:2      | Killed an ogre
  1350 | D:2      | Reached skill level 4 in Translocations
  1350 | D:2      | Reached XP level 5. HP: 37/41 MP: 7/9
  1462 | D:2      | Found a glowing golden altar of the Shining One.
  1695 | D:2      | Found a sacrificial altar of Ru.
  2407 | D:3      | Gained mutation: You sometimes gain a little power by
                  | taking damage. [demonic ancestry]
  2407 | D:3      | Reached XP level 6. HP: 46/47 MP: 8/10
  2440 | D:3      | Noticed Natasha
  2447 | D:3      | Killed Natasha
  2453 | D:3      | Noticed Natasha
  2461 | D:3      | Killed Natasha
  2473 | D:3      | Found a shimmering altar of Xom.
  2486 | D:3      | Noticed Natasha
  2491 | D:3      | Banished Natasha
  2668 | D:3      | Learned a level 3 spell: Lesser Beckoning
  2872 | D:4      | Found a glowing golden altar of the Shining One.
  2923 | D:4      | Reached skill level 1 in Maces & Flails
  3180 | D:4      | HP: 2/47 [poisoned by an adder]
  3184 | D:4      | Succumbed to an adder's poison

Levels and vault maps discovered:
D:1:      kilobyte_arrival_exit_the_forest, layout_rooms
D:2:      minmay_inner_zag, layout_rooms, nicolae_overflow_hidden_temple,
          nicolae_tso_carved_into_rock
D:3:      layout_rooms, lemuel_round_altar, uniq_natasha
D:4:      layout_loops_ring, lemuel_crystal_altar, first_ration, serial_shops,
          kennysheep_mini_moat, chequers_big_river

Skill      XL: |  1  2  3  4  5  6 |
---------------+-------------------+-----
Fighting       | 3 |  3.1
Translocations | 3 4 |  4.8
Charms         | 1 2 |  2.4
Spellcasting   | 3 |  3.3
Maces & Flails | 1 |  1.1
Dodging        | 2 |  2.2
Axes           | |  1.7
Throwing       | |  0.8
Armour         | |  0.8

Action                   |  1- 3 |  4- 6 || total
-------------------------+-------+-------++-------
Melee: Hand axe          |    43 |       ||    43
       Whip              |    34 |   201 ||   235
 Cast: Shroud of Golubri |       |     1 ||     1
  Use: Potion            |     1 |       ||     1
       Scroll            |       |     8 ||     8
 Stab: Sleeping          |       |     1 ||     1
  Eat: Chunk             |     1 |     6 ||     7
Armor: Leather armour    |    15 |    34 ||    49
Dodge: Dodged            |    39 |   100 ||   139
Block: Other             |     7 |    36 ||    43

Table legend:
 A = Non-vault XP
 B = Vault XP
 C = Vault XP percentage of total XP
 D = Non-vault monster count
 E = Vault monster count
 F = Vault count percentage of total count
                 A         B        C        D         E       F
            +---------+---------+-------+---------+---------+-------
      Total |     447 |     186 |  29.4 |      75 |       8 |   9.6
            +---------+---------+-------+---------+---------+-------
        D:1 |      21 |       0 |   0.0 |      12 |       0 |   0.0
        D:2 |     174 |     150 |  46.3 |      32 |       7 |  17.9
        D:3 |     149 |      36 |  19.5 |      25 |       1 |   3.8
        D:4 |     103 |       0 |   0.0 |       6 |       0 |   0.0
            +---------+---------+-------+---------+---------+-------
